Map: [G8] Babylon

Players

Maru - Winner!

  • Race: Terran Terran
  • Spawn Location: 11:00

Solar

  • Race: Zerg Zerg
  • Spawn Location: 5:00

Event: Gamers8 2023

VOD

Have the link to the VOD?

Description

Time

  • Played on: Aug. 4, 2023, 10:08 a.m.
  • Length: 10:50

All games in this series

Show
View Real Time Build Order
Export as new Build Order

Maru Terran - Winner!

Build Orders:  

Get SALT Encoding   

  12  0:00  SCV  
  13  0:12  SCV  
  14  0:17  Supply Depot  
  14  0:24  SCV  
  15  0:39  Barracks, SCV  
  16  0:43  Refinery  
  16  0:51  SCV  
  17  0:59  Barracks  
  17  1:03  SCV  
  18  1:15  SCV  
  19  1:26  Reaper  
  19  1:27  Orbital Command  
  19  1:32  Supply Depot  
  20  1:46  Reaper  
  21  1:53  SCV  
  22  2:04  Reaper  
  22  2:05  SCV  
  24  2:13  Command Center  
  24  2:17  SCV  
  24  2:20  Marine  
  26  2:26  Refinery  
  26  2:29  SCV  
  27  2:41  SCV  
  28  2:44  Factory  
  28  2:53  SCV  
  29  3:05  SCV  
  30  3:10  Command Center  
  30  3:15  Barracks Reactor, Barracks Tech Lab  
  30  3:17  SCV  
  31  3:25  Orbital Command  
  31  3:29  SCV  
  31  3:31  Starport  
  31  3:33  Factory Reactor  
  32  3:35  Marine  
  33  3:41  SCV  
  33  3:47  Stimpack  
  34  3:51  SCV  
  34  3:53  Marine  
  34  3:54  Marine x2, SCV  
  39  4:03  SCV  
  39  4:06  SCV  
  41  4:11  Marine, Widow Mine x2  
  46  4:20  SCV  
  46  4:21  Marine  
  46  4:22  Medivac, Marine  
  48  4:24  Orbital Command  
  48  4:25  SCV  
  48  4:29  Marine  
  50  4:32  Widow Mine, SCV  
  50  4:33  Widow Mine  
  50  4:37  Supply Depot  
  55  4:39  Marine  
  55  4:40  Refinery  
  55  4:41  Marine  
  55  4:45  SCV x2  
  59  4:47  Marine  
  59  4:52  SCV  
  61  4:58  Marine, SCV  
  61  4:59  SCV  
  64  5:00  Supply Depot  
  64  5:02  Medivac x2, Marine  
  69  5:09  Orbital Command  
  69  5:11  Supply Depot  
  69  5:13  Factory Tech Lab  
  69  5:18  Engineering Bay  
  69  5:20  Engineering Bay  
  69  5:21  Supply Depot  
  69  5:22  Marine, SCV x2  
  69  5:27  Marine x2  
  74  5:29  Combat Shield  
  74  5:33  Refinery  
  74  5:34  SCV x2  
  76  5:40  Marine  
  79  5:45  Marine x2, SCV  
  80  5:52  Siege Tank  
  80  5:53  SCV x2  
  80  5:56  Terran Infantry Weapons Level 1  
  79  5:58  Marine, Terran Infantry Armor Level 1  
  79  6:02  Marine  
  79  6:04  Barracks  
  79  6:05  Barracks  
  79  6:08  Barracks  
  79  6:14  SCV  
  79  6:17  SCV  
  81  6:20  Starport Reactor  
  81  6:21  SCV  
  81  6:23  Supply Depot  
  81  6:26  Marine x3, SCV  
  81  6:29  Siege Tank  
  81  6:31  SCV  
  87  6:39  Starport Reactor  
  87  6:40  Barracks  
  87  6:41  Barracks x2  
  87  6:43  Marine, SCV  
  89  6:50  SCV  
  89  6:51  SCV, Supply Depot  
  89  6:53  Marine x2, Supply Depot  
  93  6:54  Barracks Reactor  
  93  6:55  Barracks Reactor  
  93  7:00  SCV  
  94  7:02  SCV, Armory  
  94  7:03  SCV  
  94  7:04  Siege Tank, Supply Depot  
  99  7:10  Supply Depot  
  99  7:12  Marine x3  
  99  7:13  SCV  
  103  7:15  Supply Depot  
  103  7:17  Medivac  
  103  7:18  Medivac  
  107  7:23  SCV  
  107  7:27  Marine  
  107  7:28  Marine x4  
  112  7:30  Marine  
  112  7:34  Marine x2  
  112  7:36  Siege Tank  
  116  7:40  Marine x3  
  116  7:41  Marine  
  120  7:47  Medivac  
  120  7:49  Medivac  
  120  7:50  Marine  
  125  7:51  Marine  
  125  7:52  Marine, Supply Depot  
  125  7:53  Marine  
  125  7:57  Marine  
  129  7:58  Terran Infantry Weapons Level 2  
  129  8:04  Marine x4  
  133  8:09  SCV x2  
  129  8:13  Marine  
  129  8:15  SCV  
  129  8:17  Marine x4  
  128  8:25  Terran Infantry Armor Level 2  
  128  8:28  Marine x3  
  128  8:29  Marine  
  128  8:30  Marine  
  133  8:37  Supply Depot  
  133  8:40  Siege Tank, Marine x5  
  141  8:46  Marine  
  141  8:47  Marine  
  141  8:52  Marine  
  141  8:53  Marine  
  141  8:54  Marine  
  140  8:57  Orbital Command  
  140  8:59  Marine x3  
  140  9:00  Marine  
  140  9:01  Marine  
  140  9:02  Marine  
  141  9:03  Medivac x2  
  141  9:10  Supply Depot  
  141  9:11  Supply Depot  
  130  9:40  Marine x3  
  130  9:41  Siege Tank, Orbital Command  
  130  9:43  Marine x4  
  117  9:47  Marine x5  
  119  9:57  Marine  
  119  9:58  Marine x2  
  118  10:01  Marine x4  
  118  10:05  Marine x3  
  125  10:08  Marine  
  125  10:10  Marine  
  125  10:13  Siege Tank  
  113  10:15  Marine x2  
  113  10:16  Marine  
  113  10:18  Marine  
  113  10:19  Marine x3  
  109  10:22  Marine  
  109  10:23  Marine x2  
  109  10:26  Marine  
  110  10:28  Marine  
Show
View Real Time Build Order
Export as new Build Order

Solar Zerg 

Build Orders: Hatch First 

Get SALT Encoding   

  12  0:00  Drone  
  13  0:12  Overlord  
  13  0:17  Drone  
  14  0:31  Drone x2  
  16  0:48  Hatchery  
  15  0:51  Drone  
  15  0:54  Drone  
  17  0:58  Drone  
  18  1:09  Extractor  
  17  1:13  Spawning Pool  
  17  1:16  Drone  
  17  1:20  Drone  
  18  1:28  Drone  
  19  1:38  Drone  
  20  1:50  Drone  
  21  2:00  Queen x2, Zergling x4  
  27  2:19  Zergling x2  
  27  2:20  Overlord  
  28  2:23  Metabolic Boost  
  28  2:38  Queen  
  28  2:39  Drone x2  
  28  2:42  Overlord  
  32  2:44  Drone  
  32  2:45  Zergling x2  
  32  2:47  Drone  
  35  2:54  Zergling x2  
  36  3:00  Hatchery  
  36  3:01  Drone  
  36  3:09  Drone x4  
  36  3:12  Zergling x2  
  41  3:16  Queen  
  43  3:20  Overlord  
  43  3:23  Drone  
  44  3:29  Overlord  
  44  3:38  Queen  
  44  3:40  Drone x2  
  48  3:42  Drone  
  48  3:46  Drone x2  
  51  3:48  Drone  
  51  3:49  Drone x2  
  51  3:51  Overlord  
  54  3:57  Drone x2  
  56  4:03  Drone  
  56  4:08  Drone  
  58  4:12  Queen  
  58  4:13  Drone x2  
  58  4:14  Drone x3  
  58  4:16  Queen  
  67  4:22  Drone x3  
  69  4:25  Extractor, Baneling Nest  
  69  4:31  Drone x3  
  70  4:33  Overlord  
  70  4:35  Drone  
  71  4:43  Drone  
  71  4:45  Drone  
  73  4:49  Zergling x2  
  73  4:51  Queen  
  76  4:54  Drone  
  76  4:55  Spore Crawler  
  76  4:56  Zergling x4  
  76  4:57  Spore Crawler  
  76  4:59  Drone  
  78  5:02  Hatchery  
  77  5:07  Queen  
  77  5:09  Zergling x6  
  77  5:11  Overlord, Lair  
  77  5:13  Overlord  
  81  5:19  Extractor x2  
  81  5:20  Drone  
  80  5:24  Drone  
  80  5:25  Overlord  
  80  5:27  Overlord  
  81  5:30  Overlord  
  81  5:31  Overlord  
  81  5:41  Drone x10  
  79  5:50  Drone x2  
  79  5:53  Drone  
  79  5:57  Evolution Chamber  
  81  6:00  Evolution Chamber, Drone x3  
  81  6:03  Zergling x2  
  81  6:04  Zergling x2  
  85  6:06  Zergling x8  
  85  6:09  Centrifugal Hooks  
  89  6:12  Zergling x2  
  89  6:15  Zergling x6  
  89  6:16  Queen  
  95  6:22  Overlord  
  95  6:25  Drone x2  
  97  6:27  Zergling x2  
  97  6:30  Drone x2  
  97  6:31  Zergling x2  
  101  6:35  Overlord  
  101  6:37  Zergling x6, Baneling x5  
  101  6:38  Baneling x2  
  101  6:39  Drone  
  106  6:40  Drone  
  106  6:41  Zergling x2  
  106  6:42  Zerg Ground Armor Level 1, Zerg Melee Weapons Level 1  
  105  6:48  Drone x2  
  105  6:49  Zergling x6, Drone  
  105  6:52  Extractor, Zergling x2  
  111  6:57  Drone  
  111  6:58  Baneling x2  
  111  6:59  Overseer, Baneling x2  
  111  7:01  Drone x2  
  114  7:02  Drone x3  
  114  7:03  Zergling x2  
  114  7:06  Zergling x6  
  119  7:11  Baneling x5, Drone  
  119  7:12  Zergling x2  
  119  7:13  Zergling x2  
  122  7:16  Zergling x8  
  122  7:20  Overlord  
  125  7:24  Drone  
  125  7:25  Drone x2  
  125  7:26  Zergling x6  
  125  7:27  Queen  
  131  7:32  Zergling x2  
  131  7:33  Zergling x4  
  134  7:38  Baneling x3  
  134  7:39  Zergling x12  
  134  7:42  Hatchery  
  139  7:44  Overlord  
  139  7:45  Zergling x6  
  139  7:46  Zergling x2  
  143  7:53  Baneling x6  
  143  7:54  Baneling x2, Overlord  
  143  7:57  Overlord  
  143  7:59  Overlord  
  143  8:01  Hydralisk Den  
  143  8:02  Zergling x6  
  143  8:04  Zergling x6  
  147  8:08  Zergling x2  
  140  8:13  Zergling x4  
  140  8:19  Zergling x22  
  143  8:22  Baneling x6  
  143  8:25  Extractor  
  143  8:26  Zergling x4  
  143  8:27  Hatchery, Zergling x2  
  144  8:31  Zergling x2  
  144  8:33  Zergling x2  
  143  8:37  Zergling x4  
  143  8:40  Zergling x2  
  145  8:43  Baneling x4  
  145  8:44  Baneling x11  
  145  8:47  Zergling x6  
  149  8:52  Zergling x2  
  149  8:53  Zergling x16  
  152  8:55  Queen  
  152  8:56  Queen  
  152  8:57  Zergling x2  
  152  8:58  Hatchery, Zergling x2, Overlord  
  152  9:00  Baneling x4  
  156  9:04  Zergling x2  
  156  9:08  Zergling x4  
  155  9:15  Overlord  
  153  9:19  Zergling x4  
  153  9:21  Baneling x11  
  151  9:25  Zergling x6  
  151  9:28  Zergling x2  
  154  9:37  Zergling x6  
  139  9:42  Zergling x2  
  106  9:47  Queen x2  
  106  9:48  Zergling x4  
  112  9:55  Hydralisk x2  
  112  9:58  Queen  
  118  10:01  Zergling x4  
  118  10:04  Baneling x6  
  117  10:07  Zergling x8  
  117  10:08  Baneling Nest  
  106  10:14  Zergling x4  
  106  10:17  Zergling x6  
  106  10:20  Zergling x6  
  110  10:24  Zergling x2  
  110  10:27  Zergling x2  
  105  10:33  Zergling x10  
Tags
 
Add a new tag
Caveats
  • Supply blocks, unpowered buildings, or Contaminate may cause inaccurate times.
  • Supply counts are checked every 10 seconds.